 Dungeon Crawl Stone Soup version 0.31-a0-174-g85c54bcb58 (webtiles) character file.

Game seed: 13510333265050690707

2903 qw the Skirmisher (level 9, 0/57 HPs)
             Began as a Gargoyle Hunter on June 15, 2023.
             Was a Follower of Okawaru.
             Slain by a boulder beetle (12 damage)
             ... on level 9 of the Dungeon.
             The game lasted 00:03:10 (7945 turns).

qw the Skirmisher (Gargoyle Hunter)                 Turns: 7945, Time: 00:03:11

Health: 0/57       AC: 14    Str: 16    XL:     9   Next: 78%
Magic:  12/12      EV: 16    Int:  9    God:    Okawaru [*.....]
Gold:   539        SH:  0    Dex: 17    Spells: 8/8 levels left

rFire   + . .        d - +0 orcbow
rCold   + . .        (shield currently unavailable)
rNeg    + + .        i - +1 leather armour {rF+}
rPois   inf          h - +0 helmet
rElec   +            (no cloak)
rCorr   .            (no gloves)
SInv    .            e - +0 pair of boots
Will    .....        (no amulet)
Stlth   +++          a - ring of Miemm {rF+ rN+}
HPRegen 0.29/turn    g - ring of ice
MPRegen 0.13/turn

%: no passive effects
@: heroic
A: sickness immunity, AC +6, negative energy resistance 1, electricity
resistance, torment resistance 1, petrification resistance
a: Renounce Religion, Heroism


You were on level 9 of the Dungeon.
You worshipped Okawaru.
Okawaru was aware of your devotion.
You visited 2 branches of the dungeon, and saw 10 of its levels.

You collected 539 gold pieces.


Innate Abilities, Weirdness & Mutations

You are immune to sickness and miasma.
Your stone body is resilient. (AC +6)
You are immune to poison.
You resist negative energy. (rN+)
You are resistant to electric shocks. (rElec)
You are resistant to unholy torment.
You are immune to petrification.


   Skills:
 + Level 7.0(12.0) Fighting
 - Level 11.0(16.0) Ranged Weapons
 - Level 2.2(7.2) Armour
 - Level 3.1(8.1) Dodging
 - Level 1.1(6.1) Stealth
 - Level 4.0 Invocations


You had 8 spell levels left.
You didn't know any spells.
Your spell library was empty.

Inventory:

Hand Weapons
 d - a +0 orcbow (weapon)
Armour
 b - +0 steam dragon scales
 e - a +0 pair of boots (worn)
 h - a +0 helmet (worn)
 i - a +1 leather armour of fire resistance (worn)
Jewellery
 a - the ring of Miemm (left hand) {rF+ rN+}
   (You acquired it on level 1 of the Dungeon)

   [ring of protection from fire]

   rF:        It protects you from fire.
   rN:        It protects you from negative energy.
 g - a ring of ice (right hand)
Scrolls
 m - a scroll of identify
Potions
 c - 2 potions of curing
 f - a potion of cancellation
 j - a potion of mutation {unknown}
 k - a potion of lignification
 l - 2 potions of attraction
 n - a potion of might
 o - a potion of resistance {unknown}
 p - a potion of magic {unknown}

Dungeon Overview and Level Annotations

Branches:
Dungeon (9/15)             Temple (1/1) D:5
   Lair: D:8-11         Orc: D:9-12

Altars:
Ashenzari
Cheibriados
Dithmenos
Elyvilon
Fedhas
Gozag
Hepliaklqana
Kikubaaqudgha
Makhleb
Nemelex Xobeh
Okawaru
Qazlal
Sif Muna
Trog
Uskayaw
Vehumet
Wu Jian
Xom
Yredelemnul
Zin
The Shining One

Shops:
D:1 ?   D:2 !

Annotations:
D:7 2 transporters, qw's ghost, novice GrFi


Message History

The boulder beetle is severely wounded.
You shoot an arrow. The arrow hits the boulder beetle!
The boulder beetle is almost dead.
You shoot an arrow.
The arrow hits the boulder beetle but does no damage.
The boulder beetle is almost dead.
The boulder beetle hits you.
The boulder beetle stops rolling and uncurls.
You shoot an arrow. The arrow hits the boulder beetle.
The boulder beetle is almost dead.
You shoot an arrow.
The arrow hits the boulder beetle but does no damage.
The boulder beetle is almost dead.
The boulder beetle bites you but does no damage.
You shoot an arrow.
The arrow hits the boulder beetle but does no damage.
The boulder beetle is almost dead.
The boulder beetle leaps!
You shoot an arrow.
The arrow hits the boulder beetle but does no damage.
The boulder beetle is almost dead.
You shoot an arrow.
The arrow hits the boulder beetle but does no damage.
The boulder beetle is almost dead.
You shoot an arrow.
The arrow hits the boulder beetle but does no damage.
The boulder beetle is almost dead.
You shoot an arrow.
The arrow hits the boulder beetle but does no damage.
The boulder beetle is almost dead.
The boulder beetle leaps!
You shoot an arrow. The arrow hits the boulder beetle.
The boulder beetle is almost dead.
You shoot an arrow. The arrow hits the boulder beetle!
The boulder beetle is almost dead.
You shoot an arrow.
The arrow hits the boulder beetle but does no damage.
The boulder beetle is almost dead.
The boulder beetle bites you!
You die...

.# ##.......#.#
...#........#.#
..#..........
..........#
#.......>#
#........#
#...B...# #@.#
#..# #.#####..#
#........##
########..#
##.# #.# #.#
#.#


You could see a boulder beetle.

Vanquished Creatures
  Joseph (D:8)
  Prince Ribbit (D:7)
  Sigmund (D:1)
  A steam dragon (D:8)
  Menkaure (D:6)
  A sky beast (D:7)
  A black bear (D:6)
  4 ice beasts
  2 water moccasins (D:7)
  2 centaurs
  Blork the orc (D:6)
  2 bullfrogs (D:7)
  5 scorpions
  2 hounds
  2 orc priests
  A gnoll bouda (D:6)
  3 sleepcaps
  An orc wizard (D:4)
  2 iguanas (D:5)
  A mummy (D:8)
  11 gnolls
  9 adders
  An ufetubus (D:6)
  2 worms
  11 orcs
  6 ball pythons
  9 endoplasms
  5 giant cockroaches
  6 goblins
  7 hobgoblins
  3 jackals (D:5)
  5 kobolds
  2 quokkas
  5 bats
  6 frilled lizards
  A goblin zombie (D:8)
  A kobold zombie (D:8)
  7 rats
132 creatures vanquished.

Notes
Turn   | Place    | Note
-------+----------+-------------------------------------------
     0 | D:1      | qw the Gargoyle Hunter began the quest for the Orb.
     0 | D:1      | Reached XP level 1. HP: 12/12 MP: 1/1
     0 | D:1      | 0 ||| qw: Version: 0.2-a-29-g511e9b1
     0 | D:1      | 0 ||| qw: Game counter: 5409
     0 | D:1      | 0 ||| qw: Always use a shield: true
     0 | D:1      | 0 ||| qw: God list: Okawaru
     0 | D:1      | 0 ||| qw: Allow faded altars: false
     0 | D:1      | 0 ||| qw: Do Orc after D:15 true
     0 | D:1      | 0 ||| qw: Do second Lair branch before Depths: true
     0 | D:1      | 0 ||| qw: Lair rune preference: random
     0 | D:1      | 0 ||| qw: Plans: Normal, Zot:1-4, Slime:5, God:TSO, Crypt,
                  | Tomb, Abyss, Pan, Hells, Win
     0 | D:1      | 0 ||| PLANNING D:1-11
   138 | D:1      | Reached XP level 2. HP: 17/17 MP: 2/2
   184 | D:1      | Found Sohigius's Magic Scroll Boutique.
   192 | D:1      | 192 ||| SHOPLISTING scroll of enchant armour (75 gold, have
                  | 16).
   192 | D:1      | 192 ||| SHOPLISTING scroll of enchant weapon (75 gold, have
                  | 16).
   192 | D:1      | 192 ||| SHOPLISTING scroll of identify (20 gold, have 16).
   192 | D:1      | 192 ||| SHOPLISTING scroll of teleportation (30 gold, have
                  | 16).
   218 | D:1      | 218 ||| FLEEEEING.
   219 | D:1      | 219 ||| FLEEEEING.
   220 | D:1      | 220 ||| FLEEEEING.
   221 | D:1      | 221 ||| FLEEEEING.
   222 | D:1      | 222 ||| FLEEEEING.
   223 | D:1      | 223 ||| FLEEEEING.
   224 | D:1      | 224 ||| FLEEEEING.
   225 | D:1      | 225 ||| FLEEEEING.
   226 | D:1      | 226 ||| FLEEEEING.
   227 | D:1      | 227 ||| FLEEEEING.
   228 | D:1      | 228 ||| FLEEEEING.
   229 | D:1      | 229 ||| FLEEEEING.
   230 | D:1      | 230 ||| FLEEEEING.
   231 | D:1      | 231 ||| FLEEEEING.
   232 | D:1      | 232 ||| FLEEEEING.
   233 | D:1      | 233 ||| FLEEEEING.
   234 | D:1      | 234 ||| FLEEEEING.
   235 | D:1      | 235 ||| FLEEEEING.
   236 | D:1      | 236 ||| FLEEEEING.
   483 | D:1      | Reached XP level 3. HP: 21/21 MP: 3/3
   491 | D:1      | 491 ||| READING scroll labelled VUSHRI ZEMIFU.
   491 | D:1      | Identified a scroll of acquirement
   491 | D:1      | 491 ||| ACQUIRING ring of Miemm {rF+ rN+}
   491 | D:1      | Acquired the ring of Miemm {rF+ rN+}
   493 | D:1      | 493 ||| UPGRADING to ring of Miemm {rF+ rN+}.
   494 | D:1      | 494 ||| READING scroll labelled HUHAPY CAWOUM.
   495 | D:1      | 495 ||| READING scroll labelled AMMYIJ TOEBUWK.
   499 | D:1      | 499 ||| DROPPING scroll of butterflies.
   517 | D:2      | Noticed Sigmund
   519 | D:2      | 519 ||| STAIRDANCE
   542 | D:2      | 542 ||| STAIRDANCE
   570 | D:2      | 570 ||| STAIRDANCE
   575 | D:1      | Killed Sigmund
   576 | D:1      | Reached skill level 6 in Ranged Weapons
   576 | D:1      | Reached XP level 4. HP: 22/26 MP: 4/4
   576 | D:1      | Reached XP level 5. HP: 26/30 MP: 5/5
   724 | D:2      | Found Pafif's Distillery.
   734 | D:2      | 734 ||| SHOPLISTING 2 potions of mutation (176 gold, have
                  | 16).
   734 | D:2      | 734 ||| SHOPLISTING potion of attraction (33 gold, have
                  | 16).
   734 | D:2      | 734 ||| SHOPLISTING potion of curing (33 gold, have 16).
   734 | D:2      | 734 ||| SHOPLISTING potion of lignification (33 gold, have
                  | 16).
  1419 | D:2      | 1419 ||| UPGRADING to +0 pair of boots.
  1424 | D:2      | 1424 ||| READING scroll labelled ULOTULIXKI.
  1425 | D:2      | 1425 ||| READING 2 scrolls labelled VUL GOIL ITUMP.
  1426 | D:2      | 1426 ||| READING scroll labelled GOMPAWK VEBUEGG.
  1427 | D:2      | 1427 ||| DROPPING scroll of vulnerability.
  1602 | D:3      | Found a radiant altar of Vehumet.
  1758 | D:3      | Reached skill level 3 in Fighting
  1980 | D:3      | Reached XP level 6. HP: 37/37 MP: 6/6
  2075 | D:3      | Reached skill level 1 in Armour
  2293 | D:3      | 2293 ||| UPGRADING to +0 ring mail.
  2303 | D:3      | 2303 ||| DROPPING +0 leather armour.
  2304 | D:3      | 2304 ||| READING scroll labelled JAVAC SEJUJ.
  2357 | D:3      | 2357 ||| DRINKING 2 glowing golden potions.
  2685 | D:4      | Reached skill level 7 in Ranged Weapons
  2734 | D:4      | Reached XP level 7. HP: 35/43 MP: 7/7
  2734 | D:4      | 2734 ||| FLEEEEING.
  2735 | D:4      | 2735 ||| FLEEEEING.
  2736 | D:4      | 2736 ||| FLEEEEING.
  2737 | D:4      | 2737 ||| FLEEEEING.
  2738 | D:4      | 2738 ||| FLEEEEING.
  2739 | D:4      | 2739 ||| FLEEEEING.
  2740 | D:4      | 2740 ||| FLEEEEING.
  2741 | D:4      | 2741 ||| FLEEEEING.
  2742 | D:4      | 2742 ||| FLEEEEING.
  2743 | D:4      | 2743 ||| FLEEEEING.
  2744 | D:4      | 2744 ||| FLEEEEING.
  2745 | D:4      | 2745 ||| FLEEEEING.
  2746 | D:4      | 2746 ||| FLEEEEING.
  2747 | D:4      | 2747 ||| FLEEEEING.
  2754 | D:4      | 2754 ||| FLEEEEING.
  2755 | D:4      | 2755 ||| FLEEEEING.
  2756 | D:4      | 2756 ||| FLEEEEING.
  3673 | D:4      | 3673 ||| UPGRADING to +0 helmet.
  3678 | D:4      | 3678 ||| READING scroll labelled JISUMEIBRU SUJO.
  3679 | D:4      | 3679 ||| DRINKING 2 lumpy golden potions.
  3680 | D:4      | 3680 ||| DRINKING 2 metallic yellow potions.
  3721 | D:4      | 3721 ||| DROPPING potion of enlightenment.
  3766 | D:5      | Entered Level 5 of the Dungeon
  3830 | D:5      | Found a shimmering altar of Xom.
  3880 | D:5      | Found a staircase to the Ecumenical Temple.
  3881 | D:5      | 3881 ||| PLANNING TEMPLE
  3881 | D:5      | 3881 ||| READING scroll labelled GAVEOPIOT.
  3914 | Temple   | Entered the Ecumenical Temple
  3920 | Temple   | 3920 ||| PLANNING OKAWARU WORSHIP
  4034 | Temple   | Became a worshipper of Warmaster Okawaru
  4035 | Temple   | 4035 ||| PLANNING D:1-11
  4270 | D:5      | Reached skill level 8 in Ranged Weapons
  4947 | D:6      | Reached XP level 8. HP: 38/50 MP: 8/8
  5005 | D:6      | 5005 ||| Stepping ~*~*~tactically~*~*~ (outnumbered).
  5034 | D:6      | HP: 9/50 [gnoll/+0 spear[a gnoll bouda] (7)]
  5035 | D:6      | 5035 ||| READING 2 scrolls of teleportation.
  5038 | D:6      | Reached * piety under Okawaru
  5212 | D:6      | Noticed Menkaure
  5214 | D:6      | Noticed Blork the orc
  5222 | D:6      | Killed Menkaure
  5226 | D:6      | HP: 11/50 [Blork the orc/+0 flail (7)]
  5227 | D:6      | 5227 ||| READING scroll of teleportation.
  5228 | D:6      | Killed Blork the orc
  5229 | D:6      | Reached skill level 9 in Ranged Weapons
  5407 | D:6      | Reached skill level 1 in Invocations
  5473 | D:6      | Reached skill level 6 in Fighting
  5479 | D:6      | 5479 ||| INVOKING Heroism.
  5706 | D:6      | Reached skill level 3 in Invocations
  5747 | D:6      | Found a white marble altar of Elyvilon.
  5750 | D:6      | Found a hazy altar of Hepliaklqana.
  5851 | D:6      | 5851 ||| UPGRADING to +1 leather armour of fire resistance.
  5861 | D:6      | 5861 ||| DROPPING +0 ring mail.
  5862 | D:6      | 5862 ||| READING scroll labelled OBBOFI UVADEI.
  5863 | D:6      | 5863 ||| DRINKING 2 glowing inky potions.
  5864 | D:6      | 5864 ||| DRINKING 2 clear potions.
  5865 | D:6      | 5865 ||| READING 2 scrolls of identify.
  5865 | D:6      | 5865 ||| IDENTIFYING emerald potion
  5892 | D:7      | 5892 ||| STAIRDANCE
  5896 | D:7      | 5896 ||| STAIRDANCE
  5900 | D:7      | 5900 ||| STAIRDANCE
  5904 | D:7      | 5904 ||| STAIRDANCE
  5908 | D:7      | 5908 ||| STAIRDANCE
  5912 | D:7      | 5912 ||| STAIRDANCE
  5916 | D:7      | 5916 ||| STAIRDANCE
  5920 | D:7      | 5920 ||| STAIRDANCE
  5924 | D:7      | 5924 ||| STAIRDANCE
  5928 | D:7      | 5928 ||| STAIRDANCE
  5932 | D:7      | 5932 ||| STAIRDANCE
  5936 | D:7      | 5936 ||| STAIRDANCE
  5940 | D:7      | 5940 ||| STAIRDANCE
  5944 | D:7      | 5944 ||| STAIRDANCE
  5948 | D:7      | 5948 ||| STAIRDANCE
  5952 | D:7      | 5952 ||| STAIRDANCE
  5956 | D:7      | 5956 ||| STAIRDANCE
  5960 | D:7      | 5960 ||| STAIRDANCE
  5964 | D:7      | 5964 ||| STAIRDANCE
  5968 | D:7      | 5968 ||| STAIRDANCE
  5974 | D:7      | 5974 ||| FLEEEEING.
  5978 | D:7      | 5978 ||| FLEEEEING.
  5982 | D:7      | 5982 ||| FLEEEEING.
  5986 | D:7      | 5986 ||| FLEEEEING.
  5987 | D:7      | 5987 ||| FLEEEEING.
  5989 | D:7      | 5989 ||| FLEEEEING.
  5998 | D:7      | Reached XP level 9. HP: 54/55 MP: 11/11
  6144 | D:6      | 6144 ||| Stepping randomly (stuck).
  6183 | D:7      | Found a transporter.
  6195 | D:7      | Noticed qw's ghost (novice GrFi)
  6199 | D:7      | Found a bloodstained altar of Trog.
  6205 | D:7      | Noticed a moth of wrath
  6224 | D:7      | Found a transporter.
  6282 | D:7      | Reached skill level 10 in Ranged Weapons
  6299 | D:7      | Reached skill level 3 in Dodging
  6323 | D:7      | 6323 ||| READING scroll labelled XOSEUN VAHODY.
  6424 | D:7      | 6424 ||| READING scroll labelled LEUB ZUOSO.
  6457 | D:7      | 6457 ||| READING scroll labelled TAIFITOICS.
  6466 | D:6      | Found an ornate altar of the Wu Jian Council.
  6466 | D:6      | Found a basalt altar of Yredelemnul.
  6499 | D:7      | Noticed Prince Ribbit
  6500 | D:7      | 6500 ||| INVOKING Heroism.
  6508 | D:7      | Killed Prince Ribbit
  6556 | D:7      | 6556 ||| INVOKING Heroism.
  6770 | D:7      | Found a blossoming altar of Fedhas.
  6771 | D:7      | 6771 ||| DROPPING +0 sling.
  6772 | D:7      | 6772 ||| UPGRADING to +0 orcbow.
  6773 | D:7      | 6773 ||| DROPPING +1 shortbow of draining.
  6855 | D:7      | 6855 ||| DRINKING 2 smoky grey potions.
  6856 | D:7      | 6856 ||| DRINKING 2 potions of curing.
  6856 | D:7      | 6856 ||| (to cure confusion)
  6857 | D:7      | 6857 ||| DROPPING potion of ambrosia.
  6868 | D:8      | 6868 ||| PLANNING OSSUARY
  6895 | D:8      | 6895 ||| INVOKING Heroism.
  7028 | D:8      | Found a sparkling altar of Nemelex Xobeh.
  7102 | D:8      | 7102 ||| INVOKING Heroism.
  7325 | D:8      | Noticed Joseph
  7334 | D:8      | 7334 ||| INVOKING Heroism.
  7339 | D:8      | Killed Joseph
  7340 | D:8      | Reached skill level 11 in Ranged Weapons
  7524 | D:8      | 7524 ||| RIP OSSUARY
  7573 | D:8      | 7573 ||| PLANNING D:1-11
  7806 | D:8      | 7806 ||| UPGRADING to ring of ice.
  7807 | D:8      | 7807 ||| DROPPING ring of wizardry.
  7894 | D:9      | Noticed a boulder beetle
  7895 | D:9      | 7895 ||| INVOKING Heroism.
  7921 | D:9      | HP: 9/57 [boulder beetle (35)]
  7924 | D:9      | 7924 ||| INVOKING Heroism.
  7935 | D:9      | HP: 10/57 [boulder beetle (2)]
  7945 | D:9      | Slain by a boulder beetle

Levels and vault maps discovered:
D:1:      dpeg_arrival_prison, layout_rooms, serial_shops,
          nicolae_shop_statue_plus
D:2:      minmay_door_path, layout_loops_ring, serial_shops,
          nicolae_shop_crystal, kennysheep_crisscross,
          kennysheep_generic_room_15, uniq_sigmund
D:3:      layout_loops_ring, mainiacjoe_overflow_alcove_2
D:4:      layout_layer_cave
D:5:      layout_layer_cave, xom_teletrap_fun, minmay_temple_entry_stoned_glass
D:6:      layout_basic, nicolae_overflow_hidden_temple, uniq_blork_the_orc,
          uniq_menkaure
D:7:      layout_cave_pools, old_standard_altar,
          gammafunk_ghost_wrathful_warriors, uniq_prince_ribbit1
D:8:      layout_gridville, nemelex_xobeh_ov_fountains_minmay,
          nicolae_ossuary_entry_giza, uniq_joseph
D:9:      layout_loops_ring, hangedman_ru_absence, hellmonk_lair_entry_icy,
          serial_shops, shop
Temple:   dshaligram_water_room_temple

Skill      XL: |  1  2  3  4  5  6  7  8  9 |
---------------+----------------------------+-----
Ranged Weapons | 6 7 8 9 11 | 11.0
Fighting       | 3 4 5 6 7 |  7.0
Armour         | 1 2 |  2.2
Dodging        | 2 3 |  3.1
Invocations    | 3 4 |  4.0
Stealth        | |  1.1

Action                     |  1- 3 |  4- 6 |  7- 9 || total
---------------------------+-------+-------+-------++-------
   Fire: Shortbow          |    65 |   175 |   276 ||   516
         Orcbow            |       |       |    84 ||    84
 Invoke: Heroism           |       |       |     8 ||     8
    Use: Scroll            |     3 |     4 |     9 ||    16
         Potion            |       |     1 |     6 ||     7
 Armour: Leather armour    |    16 |    29 |    28 ||    73
         Ring mail         |       |    16 |    45 ||    61
  Dodge: Dodged            |    16 |    56 |    95 ||   167

Table legend:
 A = Non-vault XP
 B = Vault XP
 C = Vault XP percentage of total XP
 D = Non-vault monster count
 E = Vault monster count
 F = Vault count percentage of total count
                 A         B        C        D         E       F
            +---------+---------+-------+---------+---------+-------
      Total |    2929 |    1219 |  29.4 |     117 |      15 |  11.4
            +---------+---------+-------+---------+---------+-------
        D:1 |      28 |     229 |  89.1 |      19 |       4 |  17.4
        D:2 |      11 |      18 |  62.1 |       9 |       4 |  30.8
        D:3 |      92 |       0 |   0.0 |      19 |       0 |   0.0
        D:4 |     287 |       0 |   0.0 |      24 |       0 |   0.0
        D:5 |     390 |       0 |   0.0 |      13 |       0 |   0.0
        D:6 |    1035 |     235 |  18.5 |      21 |       2 |   8.7
        D:7 |     758 |     283 |  27.2 |       9 |       1 |  10.0
        D:8 |     328 |     454 |  58.1 |       3 |       4 |  57.1
            +---------+---------+-------+---------+---------+-------
